 Dungeon Crawl Stone Soup version 0.27.0-1-g7a089689b8 (webtiles) character file.

Game seed: 4098965395877526807

1067 ZARRMARR the Stinger (level 8, -8/61 HPs)
             Began as a Grey Draconian Venom Mage on Aug 4, 2021.
             Was a Follower of Vehumet.
             Mangled by a wyvern zombie (12 damage)
             ... on level 6 of the Dungeon.
             The game lasted 00:36:41 (10287 turns).

ZARRMARR the Stinger (Grey Draconian Venom Mage)   Turns: 10287, Time: 00:36:42

Health: -8/61      AC: 12    Str: 11    XL:     8   Next: 7%
Magic:  14/14      EV: 12    Int: 17    God:    Vehumet [*.....]
Gold:   370        SH:  0    Dex: 12    Spells: 14/15 levels left

rFire    . . .     SeeInvis +   i - staff of air
rCold    . . .     Faith    .   (no shield)
rNeg     . . .     Spirit   .   (armour unavailable)
rPois    +         Reflect  .   (helmet restricted)
rElec    +         Harm     .   (no cloak)
rCorr    .         Rampage  .   a - +0 pair of gloves
Will     .....                  (no boots)
Stlth    ++........             j - amulet of the acrobat
HPRegen  0.20/turn              n - ring of poison resistance
MPRegen  0.14/turn              d - ring of see invisible

@: no status effects
A: AC +11, amphibious, unfitting armour, cold-blooded
a: Renounce Religion


You were on level 6 of the Dungeon.
You worshipped Vehumet.
Vehumet was aware of your devotion.
You visited 1 branch of the dungeon, and saw 6 of its levels.

You collected 370 gold pieces.

Inventory:

Hand Weapons
 t - a +2 dagger of electrocution
Missiles
 m - 9 boomerangs (quivered)
Armour
 a - a +0 pair of gloves (worn)
Magical Staves
 i - a staff of air (weapon)
Jewellery
 d - a ring of see invisible (right hand)
 j - an amulet of the acrobat (around neck)
 n - a ring of poison resistance (left hand)
Wands
 p - a wand of iceblast (7)
 v - a wand of flame (8)
 x - a wand of acid (6)
Scrolls
 c - 2 scrolls of enchant armour
 e - 2 scrolls of immolation
 f - a scroll of fear
 g - 5 scrolls of teleportation
 h - 2 scrolls of noise
 l - a scroll of fog
 u - a scroll of vulnerability
Potions
 b - 2 potions of curing {unknown}
 k - 2 potions of heal wounds {unknown}
 o - a potion of attraction {unknown}
 q - a potion of magic {unknown}
 r - a potion of lignification {unknown}
 s - 2 potions of brilliance {unknown}
 w - 2 potions of flight {unknown}


   Skills:
 + Level 2.0 Fighting
 + Level 2.5 Staves
 + Level 2.6 Throwing
 + Level 3.1 Dodging
 + Level 2.8 Stealth
 - Level 0.5 Unarmed Combat
 + Level 4.4 Spellcasting
 + Level 3.7 Transmutations
 + Level 5.0 Poison Magic


You had 14 spell levels left.
You knew the following spells:

 Your Spells              Type           Power      Damage    Failure   Level
a - Sting                 Tmut/Pois      72%        1d6       2%          1

Your spell library contained the following spells:

 Spells                   Type           Power      Damage    Failure   Level
 Shock                    Conj/Air       20%        1d4       16%         1
 Poisonous Vapours        Pois/Air       36%        N/A       9%          2
 Ignite Poison            Fire/Tmut/Pois 13%        N/A       14%         3
 Magic Dart               Conj           12%        1d3       16%         1
 Summon Small Mammal      Summ           12%        N/A       16%         1
 Olgreb's Toxic Radiance  Pois           21%        N/A       19%         4
 Call Imp                 Summ           3%         N/A       22%         2
 Mephitic Cloud           Conj/Pois/Air  14%        N/A       22%         3
 Call Canine Familiar     Summ           3%         N/A       41%         3
 Summon Guardian Golem    Hex/Summ       3%         N/A       41%         3
 Airstrike                Air            2%         N/A       83%         4
 Silence                  Hex/Air        2%         N/A       99%         5


Dungeon Overview and Level Annotations

Branches:
Dungeon (6/15)             Temple (0/1) D:4

Altars:
Cheibriados
Dithmenos
Vehumet
Zin

Shops:
D:1 [


Innate Abilities, Weirdness & Mutations

Your dull iron-grey scales are very hard. (AC +11)
You are amphibious.
You cannot fit into any form of body armour.
You are cold-blooded and may be slowed by cold attacks.


Message History

The wyvern zombie barely misses you.
You hit the wyvern zombie but do no damage.
You tail-slap the wyvern zombie.
The wyvern zombie is heavily damaged.
The wyvern zombie bites you. x2
You hit the wyvern zombie.
The wyvern zombie is heavily damaged.
The wyvern zombie bites you but does no damage.
You hit the wyvern zombie. You tail-slap the wyvern zombie.
The wyvern zombie is severely damaged.
The wyvern zombie closely misses you. The wyvern zombie bites you!
* * * LOW HITPOINT WARNING * * *
You hit the wyvern zombie but do no damage.
You tail-slap the wyvern zombie.
The wyvern zombie is severely damaged.
The wyvern zombie closely misses you.
You hit the wyvern zombie.
The wyvern zombie is severely damaged.
The wyvern zombie closely misses you.
You hit the wyvern zombie but do no damage.
The wyvern zombie is severely damaged.
The wyvern zombie closely misses you. The wyvern zombie bites you!
* * * LOW HITPOINT WARNING * * *
You hit the wyvern zombie.
The wyvern zombie is severely damaged.
The wyvern zombie bites you.
* * * LOW HITPOINT WARNING * * *
You hit the wyvern zombie but do no damage.
The wyvern zombie is severely damaged.
The wyvern zombie bites you.
* * * LOW HITPOINT WARNING * * *
The wyvern zombie barely misses you.
You barely miss the wyvern zombie.
Your tail-slap misses the wyvern zombie.
The wyvern zombie is severely damaged.
The wyvern zombie barely misses you.
You hit the wyvern zombie.
The wyvern zombie is severely damaged.
The wyvern zombie closely misses you. The wyvern zombie bites you!
You die...

.. .. #.#..#.##..>.....##.
#.##.##.#..#.##.#.####....
.....##.##.##..#.# #....
#..#.#..#.#..#.# ####.
#...######...# #.
..#.....##..... #.
#...............# #.
#.######.####.#.# #. #
#.@Z...#.# #. ######....
.. #


You could see a wyvern zombie.

Vanquished Creatures
  An orc warrior (D:5)
  An ogre (D:5)
  A phantom (D:5)
  A centaur (D:6)
  A bullfrog (D:5)
  A scorpion (D:5)
  A jelly (D:4)
  A water moccasin skeleton (D:5)
  A wight (D:5)
  2 hounds
  Jessica (D:3)
  3 iguanas
  4 orc wizards (D:5)
  A hound skeleton (D:4)
  3 gnolls (D:4)
  6 adders
  A white imp (D:4)
  An ufetubus (D:4)
  4 dart slugs
  12 orcs
  2 ball pythons
  9 endoplasms
  A giant cockroach (D:1)
  8 goblins
  2 hobgoblins (D:1)
  10 jackals
  6 kobolds
  3 quokkas (D:1)
  6 bats
  4 frilled lizards
  12 rats
110 creatures vanquished.

Vanquished Creatures (others)
  5 demonic plants (D:1)
  A fungus (D:1)
  10 plants
  3 withered plants (D:1)
19 creatures vanquished.

Grand Total: 129 creatures vanquished

Notes
Turn   | Place    | Note
-------+----------+-------------------------------------------
     0 | D:1      | ZARRMARR the Draconian Venom Mage began the quest for the
                  | Orb.
     0 | D:1      | Reached XP level 1. HP: 14/14 MP: 3/3
   380 | D:1      | Found Kem Vyi's Armour Shoppe.
   447 | D:1      | Reached XP level 2. HP: 14/20 MP: 1/5
   900 | D:1      | Found a faded altar of an unknown god.
  1984 | D:2      | Reached XP level 3. HP: 26/26 MP: 2/6
  3025 | D:3      | Reached XP level 4. HP: 22/33 MP: 0/7
  3284 | D:3      | Noticed Jessica
  3296 | D:3      | Killed Jessica
  4124 | D:3      | Reached skill level 4 in Poison Magic
  4124 | D:3      | Reached XP level 5. HP: 22/38 MP: 7/9
  4897 | D:4      | Found a glowing silver altar of Zin.
  5252 | D:4      | Found a radiant altar of Vehumet.
  5566 | D:4      | Became a worshipper of Vehumet
  5895 | D:4      | Reached skill level 1 in Staves
  5936 | D:4      | Reached skill level 1 in Throwing
  5982 | D:4      | Found a staircase to the Ecumenical Temple.
  6004 | D:4      | Reached XP level 6. HP: 45/45 MP: 9/11
  6694 | D:5      | Entered Level 5 of the Dungeon
  6724 | D:5      | Noticed an orc warrior
  7091 | D:5      | Killed an orc warrior
  7399 | D:5      | Reached skill level 1 in Fighting
  7594 | D:5      | Your scales start taking on a dull iron-grey colour.
  7594 | D:5      | Reached XP level 7. HP: 51/52 MP: 9/13
  8704 | D:5      | Found a snail-covered altar of Cheibriados.
  8709 | D:5      | Found a shadowy altar of Dithmenos.
  9341 | D:6      | Reached * piety under Vehumet
  9341 | D:6      | Offered knowledge of Shock by Vehumet.
  9342 | D:6      | Reached skill level 5 in Poison Magic
  9578 | D:5      | Reached XP level 8. HP: 17/59 MP: 14/14
 10252 | D:6      | Got Giaweath's Tome of Aerial Intoxication
 10285 | D:6      | HP: 3/61 [wyvern zombie (3)]
 10287 | D:6      | Mangled by a wyvern zombie

Illustrated notes

Levels and vault maps discovered:
D:1:      dpeg_arrival_radiant, layout_basic, serial_shops, shop_fountains,
          shapermc_ecumenical_altar_gd, serial_bayou_ford_a
D:2:      layout_loops_cross
D:3:      minmay_bubble_buster, layout_basic, minmay_misc_feat_x,
          minmay_misc_feat_room, chequers_big_river, minmay_starry_boxes,
          uniq_jessica
D:4:      layout_loops_corners, mainiacjoe_overflow_catwalk_spiral,
          minmay_temple_entry_arrows
D:5:      layout_basic, minitemple
D:6:      layout_basic, mainiacjoe_overflow_alcove_2, gammafunk_ghost_grave,
          minivault_22, hangedman_abyss_or_decor_stabs, uniq_sigmund,
          uniq_edmund

Skill      XL: |  1  2  3  4  5  6  7 |
---------------+----------------------+-----
Stealth        | 2 |  2.8
Transmutations | 2 3 |  3.7
Spellcasting   | 3 4 |  4.4
Poison Magic   | 4 5 |  5.0
Dodging        | 2 3 |  3.1
Staves         | 1 2 |  2.5
Throwing       | 1 2 |  2.6
Fighting       | 1 2 |  2.0
Unarmed Combat | |  0.5

Action                   |  1- 3 |  4- 6 |  7- 9 || total
-------------------------+-------+-------+-------++-------
Melee: Unarmed           |    36 |       |       ||    36
       Tailslap          |     5 |     9 |    21 ||    35
       Staff             |       |   139 |   158 ||   297
       Punch             |       |     1 |       ||     1
Throw: Stone             |    13 |    29 |       ||    42
       Boomerang         |       |    28 |    23 ||    51
       Javelin           |       |     3 |     3 ||     6
 Cast: Sting             |    74 |    86 |    20 ||   180
  Use: Scroll            |     3 |     6 |     1 ||    10
 Stab: Sleeping          |       |       |     1 ||     1
Armor: Skin              |    20 |    54 |    62 ||   136
Dodge: Dodged            |    37 |    91 |   108 ||   236
